 Dungeon Crawl Stone Soup version 0.31-a0-1405-g2bb1a01664 (webtiles) character file.

Game seed: 14613254941443813086

625 BigPumpCobain the Ruffian (level 7, 0/102 HPs)
             Began as a Troll Shapeshifter on Dec 25, 2023.
             Slain by a troll (9 damage)
             ... on level 5 of the Dungeon.
             The game lasted 00:03:34 (2669 turns).

BigPumpCobain the Ruffian (Troll Shapeshifter)      Turns: 2669, Time: 00:03:35

Health: 0/102      AC: 23    Str: 25    XL:     7   Next: 23%
Magic:  6/6        EV:  1    Int:  6    God:
Gold:   209        SH:  0    Dex:  9    Spells: 6/6 levels left

rFire   . .          .
                       - Unarmed
rCold   . . .        (no shield)
rNeg    . . .        a - melded +0 animal skin
rPois   +            (helmet currently unavailable)
rElec   .            (cloak currently unavailable)
rCorr   .            (gloves unavailable)
SInv    .            (boots unavailable)
Will    +....        (no amulet)
Stlth   +            (no ring)
HPRegen 1.17/turn    (no ring)
MPRegen 0.10/turn

%: no passive effects
@: tree-form, enlightened
A: stationary, stasis, torment immunity, boosted hp, large, unfitting armour,
(claws 3), regeneration 1, (shaggy fur 1), (tough skin 1)
a: no special abilities


You were on level 5 of the Dungeon.
You were a tree.
You visited 1 branch of the dungeon, and saw 5 of its levels.

You collected 209 gold pieces.

Inventory:

Armour
 a - a +0 animal skin (melded)
 o - the +0 cloak of the Butcher {Dex+2}
   (You found it on level 3 of the Dungeon)

   Dex+2:     It affects your dexterity (+2).
Jewellery
 h - an amulet of magic regeneration
 j - a ring of fire
Talismans
 c - a beast talisman
 d - a flux talisman
 p - a maw talisman
Wands
 r - a wand of iceblast (6)
Scrolls
 f - 3 scrolls of teleportation {unknown}
 g - a scroll of enchant weapon {unknown}
 k - 3 scrolls of identify {unknown}
 l - a scroll of brand weapon {unknown}
 m - a scroll of noise {unknown}
 s - a scroll of vulnerability {unknown}
Potions
 i - a potion of haste {unknown}
 n - a potion of heal wounds {unknown}
 q - a potion of magic {unknown}


   Skills:
 + Level 3.7 Fighting
 - Level 1.5 Dodging
 + Level 5.4 Unarmed Combat
 + Level 5.0 Shapeshifting


You had 6 spell levels left.
You didn't know any spells.
Your spell library contained the following spells:

 Spells                   Type           Power      Damage    Failure   Level
 Ensorcelled Hibernation  Hex/Ice        0%         N/A       58%         2
 Fugue of the Fallen      Necr           0%         N/A       83%         3
 Anguish                  Hex/Necr       0%         N/A       99%         4


Dungeon Overview and Level Annotations

Branches:
Dungeon (5/15)
 Temple: D:4-7

Altars:
Gozag


Innate Abilities, Weirdness & Mutations

You are a tree.
Your roots penetrate the ground, keeping you stationary.
You cannot be teleported.
You are immune to unholy pain and torment.
Your maximum health is greatly increased.
Your equipment is partially melded.
You are too large for most types of armour.
((You have claws for hands.))
Your natural rate of healing is unusually fast.
((You are covered in fur. (AC +1)))
((You have tough skin. (AC +1)))


Message History

You barely miss the troll.
The gnoll hits you from afar with a +0 spear.
The gnoll hits you with a +0 club. The troll bites you! The troll claws you.
* * * LOW HITPOINT WARNING * * *
The troll claws you.
* * * LOW HITPOINT WARNING * * *
You are too injured to fight recklessly!
You are too injured to fight recklessly!
You are too injured to fight recklessly!
You are too injured to fight recklessly!
You are too injured to fight recklessly!
You are too injured to fight recklessly!
You are too injured to fight recklessly!
You are too injured to fight recklessly!
You are too injured to fight recklessly!
You are too injured to fight recklessly!
You are too injured to fight recklessly!
You are too injured to fight recklessly!
You are too injured to fight recklessly!
You are too injured to fight recklessly!
You are too injured to fight recklessly!
You are too injured to fight recklessly!
You are too injured to fight recklessly!
Your transformation has ended.
You turn into a tree.
Your +0 animal skin melds into your body.
Your roots penetrate the ground.
The shadow strikes at you from the darkness!
* * * LOW HITPOINT WARNING * * *
Reactivating autopickup.
The gnoll hits you but does no damage.
The gnoll hits you from afar with a +0 spear.
* * * LOW HITPOINT WARNING * * *
The troll bites you.
* * * LOW HITPOINT WARNING * * *
The troll claws you but does no damage. x2
It was a potion of enlightenment.
Your roots keep you in place.
The shadow completely misses you.
The gnoll hits you but does no damage. x2
The troll bites you!
You die...

#..........##......
#####...##........
###.####.........
#...# #.........
#.#.####.......♣.
#.##...'.......=#
#. ###.'.......?#
#. ###..T....♣. #.
#.♣gYh.... #.
#..Wg..... #.
##........
##....... #......
#..... #.... ####


You could see a troll, a black bear, an ice beast, a shadow and 2 gnolls.

Vanquished Creatures
  An ice beast (D:4)
  2 ogres (D:4)
  A scorpion (D:4)
  A jelly (D:4)
  3 bombardier beetles
  An orc priest (D:5)
  2 orc wizards
  A gnoll (D:5)
  3 adders
  A dart slug (D:1)
  7 orcs
  A bat (D:3)
  8 endoplasms
  2 giant cockroaches
  7 hobgoblins
  4 quokkas
  3 ball pythons
  3 frilled lizards (D:1)
  6 goblins
  5 kobolds
  6 rats
68 creatures vanquished.

Vanquished Creatures (others)
  An orc (D:5)
1 creature vanquished.

Grand Total: 69 creatures vanquished

Notes
Turn   | Place    | Note
-------+----------+-------------------------------------------
     0 | D:1      | BigPumpCobain the Troll Shapeshifter began the quest for
                  | the Orb.
     0 | D:1      | Reached XP level 1. HP: 18/18 MP: 0/0
    66 | D:1      | Reached skill level 1 in Fighting
   114 | D:1      | Reached XP level 2. HP: 26/27 MP: 1/1
   699 | D:2      | Reached XP level 3. HP: 28/33 MP: 2/2
  1338 | D:3      | Found an opulent altar of Gozag.
  1341 | D:3      | Found an opulent altar of Gozag.
  1341 | D:3      | Found an opulent altar of Gozag.
  1353 | D:3      | Found an opulent altar of Gozag.
  1401 | D:3      | Reached XP level 4. HP: 31/42 MP: 3/3
  1531 | D:3      | Identified the +0 cloak of the Butcher {Dex+2}
  1853 | D:4      | Noticed an ogre
  1859 | D:4      | Killed an ogre
  1860 | D:4      | Reached XP level 5. HP: 50/50 MP: 4/4
  1865 | D:4      | Noticed an ice beast
  1876 | D:4      | Killed an ice beast
  1877 | D:4      | Reached XP level 6. HP: 6/61 MP: 5/5
  2008 | D:4      | Reached skill level 5 in Unarmed Combat
  2262 | D:4      | Reached XP level 7. HP: 63/67 MP: 6/6
  2602 | D:5      | Entered Level 5 of the Dungeon
  2619 | D:5      | Reached skill level 5 in Shapeshifting
  2661 | D:5      | Noticed a shadow
  2661 | D:5      | Noticed a troll
  2669 | D:5      | Slain by a troll

Illustrated notes

Levels and vault maps discovered:
D:1:      saegor_arrival_simple_a, layout_basic,
          chequers_ecumenical_altar_simple
D:2:      layout_loops_ring
D:3:      layout_loops_ring, nicolae_gozag_conspicuous_consumption
D:4:      layout_basic, eino_tiny_chamber
D:5:      kennysheep_big_flooded_room, layout_loops_ring,
          minmay_temple_entry_proselytizer

Skill      XL: |  1  2  3  4  5  6  7 |
---------------+----------------------+-----
Fighting       | 1 2 3 |  3.7
Unarmed Combat | 4 5 |  5.4
Shapeshifting  | 4 5 |  5.0
Dodging        | |  1.5

Action                     |  1- 3 |  4- 6 |  7- 9 || total
---------------------------+-------+-------+-------++-------
  Melee: Unarmed           |    77 |    69 |    19 ||   165
         Punch             |     1 |     4 |     1 ||     6
    Use: Potion            |       |       |     2 ||     2
 Armour: Animal skin       |    50 |    31 |    19 ||   100
         Skin              |       |       |     9 ||     9
  Dodge: Dodged            |    25 |    25 |    11 ||    61

Table legend: (Time is in decaauts)
 A = Elapsed time spent in this place.
 B = Non-inter-level travel time spent in this place.
 C = Inter-level travel time spent in this place.
 D = Time resting spent in this place.
 E = Time spent auto-exploring this place.
 F = Levels seen in this place.
 G = Mean time per level.
                   A        B        C        D        E       F      G
               +--------+--------+--------+--------+--------+-----+--------+
         Total |   2657 |   2571 |     86 |     50 |   2118 |   5 |  531.4 |
       Dungeon |   2657 |   2571 |     86 |     50 |   2118 |   5 |  531.4 |
               +--------+--------+--------+--------+--------+-----+--------+

Top non-repeatable levels by time:
     D:4: 761 daAuts
     D:1: 643 daAuts
     D:3: 600 daAuts
     D:2: 593 daAuts
     D:5: 58 daAuts
